 Dungeon Crawl Stone Soup version 0.29-a0-11-ga75d3d97ab (webtiles) character file.

Game seed: 15805061836997465332

1883 browni3141 the Grappler (level 8, -1/74 HPs)
             Began as a Troll Monk on Jan 28, 2022.
             Slain by a killer bee (8 damage)
             ... on level 8 of the Dungeon.
             The game lasted 00:05:09 (2464 turns).

browni3141 the Grappler (Troll Monk)                Turns: 2464, Time: 00:05:09

Health: -1/74      AC:  4    Str: 20    XL:     8   Next: 92%
Magic:  16/16      EV: 10    Int: 14    God:
Gold:   108        SH:  0    Dex: 12    Spells: 7/7 levels left

rFire   . . .      SeeInvis .     - Unarmed
rCold   . . .      Faith    .   (no shield)
rNeg    . . .      Spirit   .   a - +0 robe
rPois   .          Reflect  .   (helmet restricted)
rElec   .          Harm     .   (no cloak)
rCorr   .          Rampage  .   (gloves unavailable)
Will    .....                   (boots unavailable)
Stlth   ++........              (no amulet)
HPRegen 1.02/turn               c - +6 ring of intelligence
MPRegen 0.15/turn               h - ring of magical power

@: lethally poisoned (-1 -> -1)
A: large, unfitting armour, claws 3, regeneration 1, shaggy fur 1, tough skin 1
a: no special abilities


You were on level 8 of the Dungeon.
You visited 2 branches of the dungeon, and saw 9 of its levels.

You collected 108 gold pieces.

Inventory:

Armour
 a - a +0 robe (worn)
Jewellery
 c - a +6 ring of intelligence (left claw)
 h - a ring of magical power (right claw)
 l - a ring of fire
 q - an amulet of faith
Wands
 m - a wand of acid (7)
 t - a wand of iceblast (23)
Scrolls
 b - 4 scrolls of teleportation {unknown}
 e - a scroll of immolation {unknown}
 k - a scroll of magic mapping {unknown}
 o - 3 scrolls of identify {unknown}
 p - 2 scrolls of blinking {unknown}
 r - a scroll of noise {unknown}
Potions
 d - 3 potions of mutation {unknown}
 f - a potion of invisibility {unknown}
 g - 2 potions of cancellation {unknown}
 i - a potion of might {unknown}
 j - 2 potions of curing {unknown}
 n - a potion of haste {unknown}
 s - a potion of attraction {unknown}


   Skills:
 - Level 2.4 Fighting
 - Level 2.4 Dodging
 - Level 1.0 Stealth
 * Level 11.9 Unarmed Combat


You had 7 spell levels left.
You didn't know any spells.
Your spell library contained the following spells:

 Spells                   Type           Power      Damage    Failure   Level
 Static Discharge         Conj/Air       0%         N/A       41%         2
 Sublimation of Blood     Necr           0%         N/A       41%         2
 Wereblood                Tmut           0%         N/A       41%         2
 Lightning Bolt           Conj/Air       0%         1d11      100%        5
 Summon Hydra             Summ           0%         N/A       100%        7
 Maxwell's Capacitive Co  Air            0%         ∞         100%        8


Dungeon Overview and Level Annotations

Branches:
Dungeon (8/15)             Temple (1/1) D:6
   Lair: D:8-11

Altars:
Ashenzari
Dithmenos
Elyvilon
Gozag
Hepliaklqana
Kikubaaqudgha
Makhleb
Nemelex Xobeh
Ru
Sif Muna
Trog
Uskayaw
Vehumet
Wu Jian
Yredelemnul
The Shining One

Shops:
D:1 !


Innate Abilities, Weirdness & Mutations

You are too large for most types of armour.
You have claws for hands.
Your natural rate of healing is unusually fast.
You are covered in fur. (AC +1)
You have tough skin. (AC +1)


Message History

You are too injured to fight recklessly!
You are too injured to fight recklessly!
You are too injured to fight recklessly!
You are too injured to fight recklessly!
You are too injured to fight recklessly!
You are too injured to fight recklessly!
You are too injured to fight recklessly!
You miss the killer bee.
You feel very sick.
The killer bee stings you but does no damage.
You scratch the killer bee.
The killer bee is moderately wounded.
You feel sick. The killer bee stings you. x2
* * * LOW HITPOINT WARNING * * *
You miss the killer bee. Your claw misses the killer bee.
The killer bee is moderately wounded.
You feel sick. The killer bee stings you.
* * * LOW HITPOINT WARNING * * *
You closely miss the killer bee. Your claw misses the killer bee.
The killer bee is moderately wounded.
You feel sick. The killer bee stings you.
* * * LOW HITPOINT WARNING * * *
The killer bee closely misses you.
You miss the killer bee.
The killer bee is moderately wounded.
You feel sick. The killer bee barely misses you. The killer bee stings you!
* * * LOW HITPOINT WARNING * * *
You scratch the killer bee.
The killer bee is heavily wounded.
You feel sick. The killer bee barely misses you.
You scratch the killer bee.
The killer bee is severely wounded.
The killer bee barely misses you. The killer bee closely misses you.
You claw the killer bee!
You kill the killer bee!
You feel sick.
You scratch the killer bee. Your claw misses the killer bee.
The killer bee is moderately wounded.
You feel sick. The killer bee stings you!
You die...

####### #...... ####
#...... ..## #...... #.#.
#......###############.#.
#...>..y@................
#......############....#.
####+## #.####. #......
####### ..... #####


You could see a killer bee.

Vanquished Creatures
  Sigmund (D:6)
  Menkaure (D:4)
  Edmund (D:5)
  An orc warrior (D:6)
  A necrophage (D:6)
  An ogre (D:5)
  A centaur (D:8)
  A phantom (D:7)
  2 bullfrogs (D:6)
  A scorpion (D:4)
  A water moccasin skeleton (D:6)
  4 killer bees (D:8)
  5 wights (D:5)
  A hound (D:6)
  A jelly (D:4)
  3 orc priests (D:6)
  3 iguanas
  4 orc wizards
  A hound skeleton (D:4)
  A howler monkey skeleton (D:7)
  4 gnolls (D:6)
  An adder (D:4)
  2 white imps
  A worm (D:2)
  A dart slug (D:2)
  14 orcs
  3 ball pythons (D:1)
  3 bats
  4 endoplasms (D:1)
  2 goblins
  A hobgoblin (D:1)
  8 jackals
  3 kobolds (D:1)
  A quokka (D:1)
  2 frilled lizards (D:1)
  A rat (D:1)
86 creatures vanquished.

Vanquished Creatures (others)
  38 plants
38 creatures vanquished.

Grand Total: 124 creatures vanquished

Notes
Turn   | Place    | Note
-------+----------+-------------------------------------------
     0 | D:1      | browni3141 the Troll Monk began the quest for the Orb.
     0 | D:1      | Reached XP level 1. HP: 22/22 MP: 0/0
    34 | D:1      | Found Pitar's Distillery.
   121 | D:1      | Reached XP level 2. HP: 27/29 MP: 1/1
   313 | D:1      | Found a faded altar of an unknown god.
   438 | D:1      | Reached skill level 4 in Unarmed Combat
   616 | D:2      | Reached XP level 3. HP: 36/36 MP: 2/2
   755 | D:4      | Reached XP level 4. HP: 42/44 MP: 3/3
   774 | D:4      | Reached skill level 5 in Unarmed Combat
   778 | D:4      | Noticed a scorpion
   785 | D:4      | Killed a scorpion
   786 | D:4      | Reached XP level 5. HP: 43/50 MP: 4/4
   796 | D:4      | Reached skill level 6 in Unarmed Combat
   800 | D:4      | Noticed Menkaure
   807 | D:4      | Killed Menkaure
   808 | D:4      | Reached XP level 6. HP: 56/59 MP: 5/5
   820 | D:5      | Entered Level 5 of the Dungeon
   847 | D:5      | Reached skill level 7 in Unarmed Combat
   959 | D:5      | Noticed Edmund
   974 | D:5      | Killed Edmund
   975 | D:5      | Reached skill level 8 in Unarmed Combat
   975 | D:5      | Reached XP level 7. HP: 7/66 MP: 6/6
  1214 | D:6      | Noticed Sigmund
  1298 | D:5      | Reached skill level 9 in Unarmed Combat
  1319 | D:6      | Killed Sigmund
  1329 | D:6      | Reached XP level 8. HP: 49/74 MP: 7/7
  1397 | D:6      | Reached skill level 10 in Unarmed Combat
  1562 | D:6      | Found a shimmering blue altar of Sif Muna.
  1569 | D:6      | Found an ornate altar of the Wu Jian Council.
  1576 | D:6      | Found a sacrificial altar of Ru.
  1600 | D:6      | Found a white marble altar of Elyvilon.
  1607 | D:6      | Found an ancient bone altar of Kikubaaqudgha.
  1613 | D:6      | Found a radiant altar of Vehumet.
  1624 | D:6      | Found a bloodstained altar of Trog.
  1671 | D:6      | Reached skill level 11 in Unarmed Combat
  1745 | D:6      | Found a staircase to the Ecumenical Temple.
  1754 | Temple   | Entered the Ecumenical Temple
  2152 | D:6      | Identified the +8 whip "Dillufru" {vorpal, rF+ Str+4}
  2464 | D:8      | Slain by a killer bee

Illustrated notes

Levels and vault maps discovered:
D:1:      roderic_crop_circles_arrival_small, layout_basic,
          ebering_ecumenical_altar_mist, serial_shops, nicolae_shop_hallway_plus
D:2:      layout_rooms, minmay_tiny_reverse_x, uniq_jessica
D:3:      kennysheep_big_flooded_room, layout_loops_corners
D:4:      layout_basic, slow_altar_2, nicolae_concentric_dashed_squares_mild,
          uniq_menkaure
D:5:      layout_loops_ring, ebering_ghost_inner_flame,
          minmay_fractal_squares_diagonal_5, uniq_edmund
D:6:      layout_rooms, grunt_temple_overflow_octagram,
          minmay_temple_entry_statues_fountains,
          nicolae_ossuary_entry_false_entrances, kennysheep_pointless_box,
          uniq_sigmund
D:7:      layout_basic, grunt_temple_overflow_order_and_chaos_1,
          mainiacjoe_overflow_cross_hatched
D:8:      layout_basic, special_room [special_room_kobold], enter_bailey_4,
          uniq_maggie
Temple:   kb_temple_of_zot

Skill      XL: |  1  2  3  4  5  6  7  8 |
---------------+-------------------------+-----
Unarmed Combat | 4 5 6 8 9 11 | 11.9
Fighting       | |  2.4
Dodging        | |  2.4
Stealth        | |  1.0

Action                   |  1- 3 |  4- 6 |  7- 9 || total
-------------------------+-------+-------+-------++-------
Melee: Unarmed           |    54 |    51 |   114 ||   219
       Punch             |       |     1 |     4 ||     5
Evoke: Wand              |       |     1 |     3 ||     4
 Stab: Sleeping          |     3 |       |     2 ||     5
Armor: Robe              |    12 |     8 |    20 ||    40
Dodge: Dodged            |    25 |    13 |    63 ||   101

Table legend: (Time is in decaauts)
 A = Elapsed time spent in this place.
 B = Non-inter-level travel time spent in this place.
 C = Inter-level travel time spent in this place.
 D = Time resting spent in this place.
 E = Time spent auto-exploring this place.
 F = Levels seen in this place.
 G = Mean time per level.
                   A        B        C        D        E       F      G
               +--------+--------+--------+--------+--------+-----+--------+
         Total |   2432 |   2378 |     54 |    276 |   1440 |   9 |  270.2 |
       Dungeon |   2324 |   2285 |     39 |    276 |   1361 |   8 |  290.5 |
        Temple |    107 |     92 |     15 |      0 |     79 |   1 |  107.0 |
               +--------+--------+--------+--------+--------+-----+--------+

Top non-repeatable levels by time:
     D:6: 757 daAuts
     D:1: 607 daAuts
     D:5: 466 daAuts
     D:7: 205 daAuts
  Temple: 107 daAuts
     D:3: 96 daAuts
     D:4: 89 daAuts
     D:8: 82 daAuts
     D:2: 19 daAuts
